 Dungeon Crawl Stone Soup version 0.22.1-1-ga44c0e5 (webtiles) character file.

496 whitewolfNL the Covert (level 7, 0/67 HPs)
             Began as an Octopode Assassin on Oct 1, 2018.
             Slain by an orc wizard
             ... wielding a +0 dagger
              (1 damage)
             ... on level 4 of the Dungeon on Oct 3, 2018.
             The game lasted 00:29:19 (6344 turns).

whitewolfNL the Covert (Octopode Assassin)          Turns: 6344, Time: 00:29:19

Health: 0/67       AC:  1    Str: 17    XL:     7   Next: 15%
Magic:  7/7        EV: 15    Int: 13    God:
Gold:   197        SH:  0    Dex: 14    Spells: 6/6 levels left

rFire    + + .     SeeInvis .   I - +1 short sword
rCold    x . .     Gourm    .   (no shield)
rNeg     . . .     Faith    .   (helmet restricted)
rPois    .         Spirit   .   (no amulet)
rElec    .         Reflect  .   v - ring of protection from fire
rCorr    .         Harm     .   a - ring of fire
MR       .....                  (no ring)
Stlth    ..........             (no ring)
HPRegen  0.21/turn              (no ring)
MPRegen  0.10/turn              (no ring)
                                (no ring)
                                (no ring)

@: confused, berserking, lethally poisoned (0 -> -12), hasted, very quick
A: almost no armour, stealthy swim, amphibious, 8 rings, constrict 8, camouflage
1, gelatinous body 1
a: no special abilities


You were on level 4 of the Dungeon.
You were not hungry.

You visited 1 branch of the dungeon, and saw 4 of its levels.

You collected 197 gold pieces.

Inventory:

Hand Weapons
 b - a +0 blowgun
 g - a +1 dagger of venom
 n - a +2 whip of flaming
 o - a +0 hunting sling
 I - a +1 short sword (weapon)
Missiles
 c - 8 poisoned needles
 d - 2 curare-tipped needles
 e - 70 stones (quivered)
 r - 15 tomahawks
 w - 9 bolts
 y - 6 javelins
 z - 49 sling bullets
 C - 15 arrows
Jewellery
 a - a ring of fire (right tentacle)
 k - an uncursed ring of protection from cold {unknown}
 v - a ring of protection from fire (left tentacle)
Scrolls
 x - 4 scrolls of remove curse
 H - 2 scrolls of teleportation
Potions
 h - 2 potions of lignification
 q - a potion of heal wounds {unknown}
 s - a potion of agility {unknown}
 t - a potion of magic
 A - 3 potions of might
 D - a potion of curing {unknown}
 F - a potion of mutation {unknown}
Comestibles
 f - 2 rations
 j - a chunk of flesh


   Skills:
 - Level 2.4 Fighting
 + Level 4.2 Short Blades
 - Level 2.0 Throwing
 * Level 3.9 Dodging
 + Level 8.4 Stealth


You had 6 spell levels left.
You didn't know any spells.
Your spell library was empty.

Dungeon Overview and Level Annotations

Branches:
Dungeon (4/15)
 Temple: D:4-7

Altars:
Ashenzari
Hepliaklqana
Wu Jian

Shops:
D:4 %


Innate Abilities, Weirdness & Mutations

You cannot wear most types of armour.
You are very stealthy in the water. (Stealth+)
You are amphibious.
You can wear up to eight rings at the same time.
You can use your tentacles to constrict eight enemies at once.
Your skin changes colour to match your surroundings (Stealth+).
Your rubbery body absorbs attacks. (AC +1, EV +1)


Message History

The orc wizard gestures wildly while chanting.
The orc wizard blinks!
It was a potion of berserk rage.
A red film seems to cover your vision as you go berserk!
You feel yourself moving faster!
You feel mighty!
* * * LOW HITPOINT WARNING * * *
You feel sick.
You hear some strange, mumbled words.
A magic dart appears from out of thin air!
The magic dart hits you!
* * * LOW HITPOINT WARNING * * *
Unknown command.
You are too berserk!
You are too berserk!
You feel a strong urge to attack something.
You hit the orc wizard.
The orc wizard is severely wounded.
* * * LOW HITPOINT WARNING * * *
You feel sick. Something hits you.
You die...

#...####.#.# #.#########.#
#...# #...# #.##..#.....# #...#
#######.##......###### ##...#
#.....#.........#....# ##...#
#.###'####.#..#.#.#.## ##)..#
#.#.....).........#.#
.'...####.#>.......#....#...#
##........#.....){.#....#.###
#.<......####.o@.##.#..#...#
#........##..............#.#
#>.......##.##...#.##....#.#
#........##......#.........#
###############.##.###.#.######
#.#.............#
#.......<#.##.###
########.....#.##.# #####
#..........###.##.#


You could see an orc wizard.

Vanquished Creatures
  Sigmund (D:3)
  Duvessa (D:4)
  Dowan (D:4)
  Robin (D:2)
  7 adders
  A howler monkey skeleton (D:4)
  An ooze (D:2)
  A worm (D:2)
  A dart slug (D:1)
  3 leopard geckos
  8 orcs
  6 bats
  4 giant cockroaches
  13 goblins
  12 hobgoblins
  7 kobolds
  A quokka (D:3)
  A ball python (D:1)
  3 frilled lizards
  10 rats
83 creatures vanquished.

Notes
Turn   | Place    | Note
-------+----------+-------------------------------------------
     0 | D:1      | whitewolfNL the Octopode Assassin began the quest for the
                  | Orb.
     0 | D:1      | Reached XP level 1. HP: 14/14 MP: 1/1
   299 | D:1      | Reached XP level 2. HP: 6/19 MP: 2/2
   874 | D:1      | Reached skill level 6 in Stealth
  1036 | D:1      | Reached XP level 3. HP: 24/24 MP: 3/3
  1549 | D:2      | Noticed Robin
  1586 | D:2      | Killed Robin
  1973 | D:2      | Found a shattered altar of Ashenzari.
  2027 | D:2      | Found an ornate altar of the Wu Jian Council.
  2238 | D:2      | Reached XP level 4. HP: 29/29 MP: 4/4
  2361 | D:2      | Found a hazy altar of Hepliaklqana.
  3455 | D:3      | Reached XP level 5. HP: 35/35 MP: 5/5
  3800 | D:3      | Reached skill level 7 in Stealth
  4390 | D:3      | Noticed Sigmund
  4401 | D:3      | Killed Sigmund
  4401 | D:3      | Reached XP level 6. HP: 2/41 MP: 6/6
  5092 | D:4      | Noticed Duvessa
  5096 | D:4      | Noticed Dowan
  5132 | D:4      | Killed Duvessa
  5132 | D:4      | Reached skill level 8 in Stealth
  5783 | D:4      | Reached XP level 7. HP: 35/45 MP: 7/7
  5789 | D:4      | Killed Dowan
  6097 | D:4      | Found Laosotz's Food Emporium.
  6342 | D:4      | HP: 2/67 [something/magic dart (4)]
  6344 | D:4      | Slain by an orc wizard

Skill      XL: |  1  2  3  4  5  6 |
---------------+-------------------+-----
Stealth        | 6 7 8 |  8.4
Short Blades   | 3 4 |  4.2
Dodging        | 2 3 |  3.9
Fighting       | |  2.4
Throwing       | |  2.0

Action                   |  1- 3 |  4- 6 |  7- 9 || total
-------------------------+-------+-------+-------++-------
Melee: Dagger            |    58 |       |       ||    58
       Constrict         |    18 |    20 |     5 ||    43
       Tentacles         |     8 |    25 |     3 ||    36
       Short sword       |    11 |   106 |    21 ||   138
  Use: Scroll            |       |     8 |       ||     8
       Potion            |       |       |     3 ||     3
 Stab: Sleeping          |     9 |    10 |       ||    19
  Eat: Chunk             |     1 |     3 |       ||     4
       Ration            |     1 |     3 |       ||     4
Armor: Skin              |     6 |     6 |     3 ||    15
Dodge: Dodged            |    29 |    53 |    10 ||    92
